cohdb
Replays
Latest Replays
All Replays
Popular Replays
Top Player Replays
Match Explorer
How It Works
Community
CoH3 Stats
Reddit
Sign in to upload your games and track your stats! →
Sign in with Steam
Match 42952407
Unlisted
Match 42952407
Overview
Messages
Build Orders
End
Construct Infanterie Kompanie
MG 42 Machine Gun Team
Grenadier Squad
GrW 34 Mortar Team
Grenadier Squad
Medical Station
Grenadier Squad
Construct Luftwaffe Kompanie
Support Elements
Jäger Squad
Wirbelwind Flakpanzer
Marder III M Tank Destroyer
Selects Breakthrough Battlegroup
Selects 2.5-tonne Cargo Truck
Selects Blitzkrieg
Selects Assault Grenadiers
2.5-tonne Cargo Truck
Construct Panzergrenadier Kompanie
Nebelwerfer 42 Rocket Launcher Team
Panzergrenadier Squad
Pioneer Squad
MG 42 Bunker
Selects Smoke Bombing Run
Selects Incendiary Bombing Run
Smoke Bombing Run
Incendiary Bombing Run
GranatenGünther
OrangeLightning
Scorpionking
Overby
STALKER4732
ezh
kit.ohume
Devochkin
0
0
Comments
sign in to comment!
No comments posted yet!